Map: Blackpink LE

Players

Majestuoso (MajeStic)

  • Race: Protoss Protoss
  • Spawn Location: 7:00

DeMusliM - Winner!

  • Race: Terran Terran
  • League: Grandmaster
  • Spawn Location: 1:00

Event: WESG Barcelona European Finals 2017

VOD

Have the link to the VOD?

Description

Time

  • Played on: Nov. 24, 2017, 12:49 p.m.
  • Length: 8:20

All games in this series

Show
View Real Time Build Order
Export as new Build Order

Majestuoso Protoss 

Build Orders: 1 Gate Expand 

Get SALT Encoding   

  12  0:00  Probe  
  13  0:12  Probe  
  14  0:17  Pylon  
  14  0:25  Probe (Chrono Boost)  
  15  0:36  Gateway  
  15  0:37  Probe (Chrono Boost)  
  17  0:44  Probe (Chrono Boost)  
  17  0:46  Assimilator  
  17  0:51  Probe  
  18  1:03  Probe (Chrono Boost)  
  20  1:14  Probe (Chrono Boost)  
  20  1:24  Nexus  
  20  1:32  Cybernetics Core  
  20  1:34  Probe  
  20  1:39  Assimilator  
  21  1:46  Probe  
  22  1:49  Pylon  
  22  1:58  Probe  
  22  1:59  Pylon  
  23  2:10  Stalker (Chrono Boost)  
  25  2:18  Warp Gate  
  24  2:24  Robotics Facility  
  24  2:30  Stalker (Chrono Boost)  
  26  2:38  Probe x2  
  28  2:50  Probe, Pylon  
  29  2:58  Probe  
  30  3:00  Stalker  
  30  3:03  Probe  
  33  3:10  Probe  
  33  3:11  Shield Battery  
  34  3:13  Observer (Chrono Boost)  
  34  3:18  Probe  
  37  3:30  Immortal  
  40  3:34  Shield Battery  
  40  3:36  Probe (Chrono Boost)  
  41  3:43  Probe (Chrono Boost)  
  41  3:48  Probe (Chrono Boost), Twilight Council  
  42  3:52  Probe x2 (Chrono Boost)  
  44  4:01  Probe  
  44  4:02  Probe, Observer  
  46  4:06  Gateway  
  46  4:09  Observer  
  47  4:10  Gateway  
  47  4:13  Probe  
  47  4:14  Probe  
  49  4:18  Pylon  
  49  4:25  Probe, Observer  
  49  4:26  Probe  
  51  4:31  Sentry  
  51  4:33  Observer  
  51  4:37  Probe  
  55  4:38  Probe  
  55  4:45  Assimilator  
  56  4:47  Blink (Chrono Boost)  
  56  4:49  Probe  
  56  4:52  Nexus  
  57  4:53  Probe  
  57  4:56  Pylon  
  58  5:01  Probe  
  58  5:05  Warp Prism (Chrono Boost)  
  61  5:18  Sentry, Gateway  
  63  5:22  Gateway  
  63  5:26  Stalker x2  
  67  5:30  Shield Battery  
  67  5:32  Shield Battery x2  
  67  5:37  Probe  
  67  5:38  Probe  
  67  5:39  Pylon  
  69  5:46  Dark Shrine  
  69  5:48  Pylon  
  69  5:53  Stalker  
  69  5:54  Zealot  
  59  5:57  Stalker  
  59  6:02  Probe  
  62  6:05  Probe (Chrono Boost)  
  62  6:07  Probe (Chrono Boost)  
  64  6:12  Forge  
  64  6:14  Probe (Chrono Boost), Observer  
  64  6:17  Probe (Chrono Boost)  
  67  6:18  Forge  
  67  6:23  Sentry x2  
  67  6:24  Probe x2 (Chrono Boost)  
  72  6:28  Probe  
  73  6:32  Pylon  
  73  6:33  Observer  
  74  6:42  Gateway, Sentry  
  74  6:43  Gateway, Stalker  
  74  6:45  Shield Battery  
  78  6:50  Assimilator  
  78  6:53  Zealot x3  
  84  7:02  Dark Templar  
  82  7:11  Pylon  
  82  7:13  Pylon  
  82  7:18  Pylon  
  78  7:24  Shield Battery  
  73  7:33  Dark Templar  
  73  7:34  Stalker x3  
  79  7:38  Shield Battery  
  79  7:39  Dark Templar  
  71  7:54  Stalker x3  
  71  7:56  Zealot  
  79  8:01  Shield Battery  
  79  8:02  Shield Battery  
  76  8:13  Pylon  
  76  8:14  Pylon  
  76  8:16  Pylon  
Show
View Real Time Build Order
Export as new Build Order

DeMusliM Terran - Winner!

Build Orders: MMM Bio 

Get SALT Encoding   

  12  0:00  SCV  
  13  0:13  SCV  
  14  0:20  Supply Depot  
  14  0:25  SCV  
  15  0:41  SCV, Refinery  
  16  0:43  Barracks  
  16  0:53  SCV  
  17  1:05  SCV  
  18  1:18  SCV  
  19  1:31  Marine, Orbital Command  
  20  1:45  Command Center  
  20  1:51  Barracks Reactor  
  20  1:56  Supply Depot  
  20  1:59  SCV  
  21  2:09  Barracks  
  21  2:11  SCV  
  22  2:17  Engineering Bay  
  22  2:23  SCV  
  22  2:29  Marine x2  
  25  2:35  SCV  
  26  2:41  Factory  
  26  2:43  Missile Turret  
  26  2:48  SCV  
  27  2:56  Refinery  
  28  2:58  Barracks Tech Lab  
  28  3:02  Orbital Command  
  28  3:04  SCV  
  28  3:08  Marine  
  28  3:10  Marine  
  30  3:16  SCV  
  30  3:17  Marine  
  32  3:20  Stimpack  
  32  3:23  Orbital Command  
  32  3:30  Marine x2  
  32  3:33  Starport  
  34  3:37  Marine  
  34  3:40  Factory Reactor  
  35  3:41  SCV  
  35  3:48  SCV  
  37  3:52  Bunker  
  37  3:53  SCV, Marine x2  
  40  3:57  Marine  
  40  4:00  SCV, Terran Infantry Weapons Level 1  
  42  4:09  SCV  
  43  4:11  Supply Depot  
  43  4:12  SCV  
  43  4:15  Marine x2  
  46  4:26  Supply Depot  
  46  4:32  Marine  
  46  4:33  SCV x2, Medivac x2  
  53  4:40  Supply Depot  
  53  4:41  Marine  
  53  4:44  Factory Tech Lab  
  54  4:47  Marine, Refinery  
  54  4:48  SCV x2  
  54  4:50  Marine  
  58  4:59  Supply Depot  
  58  5:00  SCV x2  
  58  5:03  Siege Tank  
  58  5:05  Marine  
  58  5:06  Marine  
  65  5:08  Marine  
  65  5:12  SCV  
  67  5:14  SCV, Supply Depot  
  68  5:23  Combat Shields, Marine, Supply Depot  
  68  5:24  Marine  
  68  5:26  SCV, Marine  
  68  5:28  Supply Depot  
  72  5:35  Siege Tank  
  75  5:40  Supply Depot  
  75  5:41  Marine x2  
  77  5:44  Marine  
  71  5:58  Marine  
  71  5:59  Marine  
  71  6:01  Marine  
  72  6:04  Medivac  
  72  6:07  Siege Tank  
  77  6:12  Command Center  
  77  6:16  Marine  
  77  6:17  Marine  
  79  6:19  Medivac, Marine  
  79  6:20  Barracks  
  79  6:24  SCV x2  
  84  6:26  Refinery  
  84  6:34  Marine  
  84  6:35  Marine  
  84  6:37  Marine  
  87  6:41  SCV x2  
  87  6:42  Liberator  
  87  6:44  Siege Tank  
  92  6:52  Marine  
  92  6:53  Marine  
  94  6:55  Marine  
  98  7:10  Marine x2  
  98  7:11  Barracks Reactor  
  98  7:13  SCV x2, Marine, Barracks  
  98  7:14  Barracks  
  99  7:25  SCV x2  
  99  7:27  Missile Turret  
  98  7:34  Marine  
  98  7:35  Marine  
  100  7:37  SCV  
  100  7:41  Orbital Command  
  97  7:52  Marine x2  
  97  7:54  Marine x3  
  97  7:56  SCV  
  100  8:01  SCV  
Tags
 
Add a new tag
Caveats
  • Supply blocks, unpowered buildings, or Contaminate may cause inaccurate times.
  • Supply counts are checked every 10 seconds.